 Dungeon Crawl Stone Soup version 0.32-a0-160-g465344b4ef (webtiles) character file.

Game seed: 15528903086386397272

16 iamserjio the Caller (level 2, 0/20 HPs)
             Began as a Demigod Summoner on Feb 11, 2024.
             Succumbed to an adder's poison
             ... on level 2 of the Dungeon.
             The game lasted 00:01:10 (229 turns).

iamserjio the Caller (Demigod Summoner)              Turns: 229, Time: 00:01:11

Health: 0/20       AC:  2    Str:  9    XL:     2   Next: 27%
Magic:  3/7        EV: 12    Int: 17    God:
Gold:   22         SH:  0    Dex: 14    Spells: 4/5 levels left

rFire   . . .        c - +0 short sword
rCold   . . .        (no shield)
rNeg    . . .        a - +0 robe
rPois   .            (no helmet)
rElec   .            (no cloak)
rCorr   .            (no gloves)
SInv    .            (no boots)
Will    .....        (no amulet)
Stlth   ++           (no ring)
HPRegen 0.23/turn    (no ring)
MPRegen 0.10/turn

%: no passive effects
@: lethally poisoned (0 -> -4)
A: high MP 1, forlorn, divine attributes
a: no special abilities


You were on level 2 of the Dungeon.
You visited 1 branch of the dungeon, and saw 2 of its levels.

You collected 22 gold pieces.

Inventory:

Hand Weapons
 c - a +0 short sword (weapon)
Missiles
 e - 6 datura-tipped darts
Armour
 a - a +0 robe (worn)
Jewellery
 g - a ring of ice
Scrolls
 d - 2 scrolls of butterflies {unknown}
 f - a scroll of enchant weapon {unknown}
Potions
 b - a potion of magic
 h - a potion of mutation {unknown}


   Skills:
 - Level 1.7 Dodging
 - Level 1.7 Stealth
 + Level 2.1 Spellcasting
 * Level 4.0 Summonings


You had 4 spell levels left.
You knew the following spells:

 Your Spells              Type           Power      Damage    Failure   Level
a - Summon Small Mammal   Summ           60%        N/A       3%          1

Your spell library contained the following spells:

 Spells                   Type           Power      Damage    Failure   Level
 Call Imp                 Summ           30%        N/A       5%          2
 Call Canine Familiar     Summ           15%        N/A       11%         3
 Summon Blazeheart Golem  Fire/Summ      8%         N/A       63%         4
 Summon Lightning Spire   Summ/Air       8%         N/A       63%         4


Dungeon Overview and Level Annotations

Branches:
Dungeon (2/15) Zot: 11771

Shops:
D:1 !


Innate Abilities, Weirdness & Mutations

You have an increased reservoir of magic. (+10% MP)
You shall have no god before yourself.
Your divine heritage dramatically boosts your attributes as you level up.


Message History

Casting: Summon Small Mammal (safe; 3% risk of failure)
The adder bites you.
Casting: Summon Small Mammal (safe; 3% risk of failure)
Your rat disappears in a puff of smoke!
The adder closely misses you.
Your quokka misses the adder. You miss the adder. The adder bites you.
You are poisoned.
The adder poisons you!
Your quokka closely misses the adder.
You hit the adder.
You feel sick. The adder completely misses you.
Your quokka barely misses the adder.
The adder bites you.
* * * LOW HITPOINT WARNING * * *
You are lethally poisoned!
The adder poisons you!
* * * LOW HITPOINT WARNING * * *
You feel very sick.
Your quokka bites the adder.
The adder bites your rat.
Your rat barely misses the adder.
What are your orders? t - Shout!
Orders for allies: a - Attack new target. r - Retreat! s - Stop attacking. g - Guard the area. f - Follow me.
Anything else - Cancel.
Gang up on whom?
Press: ? - help, Dir - move target, f - adder
Aim: an adder (moderately wounded, ally target) Attack!
* * * LOW HITPOINT WARNING * * *
You feel sick.
Your quokka barely misses the adder.
The adder bites your rat.
Your quokka bites the adder.
Your rat bites the adder.
The adder dies!
Your Summonings skill increases to level 4!
You have reached level 2!
* * * LOW HITPOINT WARNING * * *
You feel sick.
* * * LOW HITPOINT WARNING * * *
You feel sick. The ribbon worm bites your quokka.
Your quokka dies!
Your quokka's corpse disappears in a puff of smoke!
You die...

# #.# #.# # #.# #.#
# ## ###.# #.# # .#
...### #.###### .#
#.... $S. ..## #.
#..# #.# #.##
#.###..#####.# #.##
#.@....rw....###.##
#####..#####..†...#
#..# ##....... #..#
#.......# #..#
#..###... #..# #..#
#..# ...# #....
....
..........##..#
.#...# #..#


You could see a ribbon worm (ally target) and a friendly rat (summoned).

Vanquished Creatures
  A goblin (D:1)
  A hobgoblin (D:2)
2 creatures vanquished.

Vanquished Creatures (collateral kills)
  An adder (D:2)
  A ball python (D:2)
  2 hobgoblins (D:1)
  A kobold (D:1)
5 creatures vanquished.

Grand Total: 7 creatures vanquished

Notes
Turn   | Place    | Note
-------+----------+-------------------------------------------
     0 | D:1      | iamserjio the Demigod Summoner began the quest for the Orb.
     0 | D:1      | Reached XP level 1. HP: 14/14 MP: 5/5
   120 | D:1      | Found Ulit's Distillery.
   227 | D:2      | Reached skill level 4 in Summonings
   227 | D:2      | Reached XP level 2. HP: 3/20 MP: 2/7
   228 | D:2      | HP: 1/20 [poisoned by an adder]
   229 | D:2      | Succumbed to an adder's poison

Illustrated notes

Levels and vault maps discovered:
D:1:      amcnicky_arrival_feature_with_door, layout_basic,
          chequers_ecumenical_altar_island, serial_shops,
          nicolae_shop_real_fake_doors
D:2:      layout_loops_ring, cheibrodos_gnoll_hut

Skill      XL: |  1 |
---------------+----+-----
Spellcasting   | 2 |  2.1
Summonings     | 4 |  4.0
Dodging        | |  1.7
Stealth        | |  1.7

Action                     || total
---------------------------++-------
  Melee: Short sword       ||    12
   Cast: Summon Small Mamm ||    13
 Armour: Robe              ||    10
  Dodge: Dodged            ||    18

Table legend: (Time is in decaauts)
 A = Elapsed time spent in this place.
 B = Non-inter-level travel time spent in this place.
 C = Inter-level travel time spent in this place.
 D = Time resting spent in this place.
 E = Time spent auto-exploring this place.
 F = Levels seen in this place.
 G = Mean time per level.
                   A        B        C        D        E       F      G
               +--------+--------+--------+--------+--------+-----+--------+
         Total |    228 |    215 |     13 |      0 |     36 |   2 |  114.0 |
       Dungeon |    228 |    215 |     13 |      0 |     36 |   2 |  114.0 |
               +--------+--------+--------+--------+--------+-----+--------+

Top non-repeatable levels by time:
     D:1: 136 daAuts
     D:2: 91 daAuts
